 Dungeon Crawl Stone Soup version bcrawl-1.36 (webtiles) character file.

Game seed: 527487932741593338

139328 huldread the Cudgeler (level 3, 31/31 HPs)
             Began as a Sand Dwarf Skald on May 12, 2022.
             Quit the game on level 1 of the Dungeon.
             The game lasted 00:02:10 (786 turns).

huldread the Cudgeler (Sand Dwarf Skald)             Turns: 786, Time: 00:02:11

Health: 31/31      AC:  8    Str: 15    XL:     3   Next: 43%
Magic:  6/6        EV:  8    Int: 14    God:
Gold:   74         SH:  0    Dex: 10    Spells: 5/6 levels left

rFire    . . .     SeeInvis .   a - +0 flail
rCold    . . .     Gourm    .   (shield restricted)
rNeg     . . .     Faith    .   h - +0 chain mail
rPois    .         Spirit   .   (no helmet)
rElec    .         Reflect  .   (no cloak)
rCorr    .                      (no gloves)
MR       .....                  (no boots)
Stlth    ..........             (no amulet)
HPRegen  0.10/turn              g - ring of attention (curse)
MPRegen  0.10/turn              (no ring)

@: slow
A: small, slowness 1, armour attunement
a: no special abilities


You were on level 1 of the Dungeon.
You were not hungry.

You visited 1 branch of the dungeon, and saw 1 of its levels.

You collected 74 gold pieces.

Inventory:

Hand Weapons
 a - a +0 flail (weapon)
Armour
 b - a +0 leather armour
 h - a +0 chain mail (worn)
Jewellery
 g - a cursed ring of attention (left hand)
Scrolls
 d - a scroll of fear
 f - 3 scrolls of magic mapping {unknown}
 i - a scroll of noise {unknown}
 j - a scroll of remove curse {unknown}
Potions
 k - a potion of mutation {unknown}
Comestibles
 c - 2 chunks of flesh
 e - 6 rations {!d}


   Skills:
 + Level 3.0 Fighting
 + Level 3.7 Maces & Flails
 + Level 2.1 Armour
 - Level 1.5 Dodging
 - Level 2.0 Spellcasting
 + Level 3.4 Charms


You had 5 spell levels left.
You knew the following spells:

 Your Spells              Type           Power        Failure   Level  Hunger
a - Infusion              Chrm           ##......     6%          1    None

Your spell library contained the following spells:

 Spells                   Type           Power        Failure   Level  Hunger
 Song of Slaying          Chrm           ##......     9%          2    ##.....
 Swiftness                Chrm/Air       #.......     19%         2    ##.....
 Ozocubu's Armour         Chrm/Ice       #.......     34%         3    ####...
 Regeneration             Chrm/Necr      #.........   34%         3    ####...
 Spectral Weapon          Hex/Chrm       #.......     34%         3    ####...


Dungeon Overview and Level Annotations

Branches:
Dungeon (1/12)

Altars:


Innate Abilities, Weirdness & Mutations

You are small and have problems with some larger weapons.
You cover ground slowly.
Armour does not affect your spellcasting.


Message History

No target in view!
No target in view!
No target in view!
No target in view!
No target in view!
No target in view!
No target in view!
All of the chunks of flesh in your inventory have rotted away.
You butcher the leopard gecko corpse.
c - 2 chunks of flesh You see here a leopard gecko skeleton. x2
You see here a dart slug corpse.
You see here a dagger.
Partly explored, can't reach some items.
Partly explored, can't reach some items.
Partly explored, can't reach some items.
Partly explored, can't reach some items.
Partly explored, can't reach some items.
Okay, then.
Are you sure you want to abandon this character and quit the game? (Confirm with "yes".)

########
#....#.#
#.##.+.#
#....#.#
#....#.##
#<...+..#
#..^.#..#
#....#@.#
#.##.'..#
#....#..#
#######.#
#.#########
#####
#.........#
#....
##........#
#.###
#........###.###
#...............


There were no monsters in sight!

Vanquished Creatures
  An ooze (D:1)
  4 dart slugs (D:1)
  3 leopard geckos (D:1)
  A bat (D:1)
  3 giant cockroaches (D:1)
  3 hobgoblins (D:1)
  A kobold (D:1)
  A frilled lizard (D:1)
  3 goblins (D:1)
  2 rats (D:1)
22 creatures vanquished.

Notes
Turn   | Place    | Note
-------+----------+-------------------------------------------
     0 | D:1      | huldread the Sand Dwarf Skald began the quest for the Orb.
     0 | D:1      | Reached XP level 1. HP: 18/18 MP: 3/3
   254 | D:1      | Reached XP level 2. HP: 25/25 MP: 5/5
   437 | D:1      | Reached XP level 3. HP: 30/30 MP: 6/6
   786 | D:1      | Quit the game

Skill      XL: |  1  2  3 |
---------------+----------+-----
Armour         | 2 |  2.1
Fighting       | 3 |  3.0
Maces & Flails | |  3.7
Dodging        | |  1.5
Spellcasting   | |  2.0
Charms         | |  3.4

Action                   || total
-------------------------++-------
Melee: Flail             ||    75
 Cast: Infusion          ||     1
  Eat: Chunk             ||     2
Armor: Chain mail        ||    78
       Leather armour    ||     1
Dodge: Dodged            ||    32
